 Dungeon Crawl Stone Soup version 0.28-a0-909-g796cbd3a86 (webtiles) character file.

Game seed: 16144487266153498843

18 ragingrage the Chopper (level 2, 0/23 HPs)
             Began as a Palentonga Warper on Nov 24, 2021.
             Slain by a gnoll (6 damage)
             ... on level 1 of the Dungeon.
             The game lasted 00:01:14 (1307 turns).

ragingrage the Chopper (Palentonga Warper)          Turns: 1307, Time: 00:01:14

Health: 0/23       AC:  4    Str: 14    XL:     2   Next: 51%
Magic:  5/5        EV:  9    Int: 13    God:
Gold:   67         SH:  0    Dex:  9    Spells: 5/5 levels left

rFire   . . .      SeeInvis +   a - +0 hand axe
rCold   . . .      Faith    .   (no shield)
rNeg    . . .      Spirit   .   b - +0 leather armour
rPois   .          Reflect  .   (no helmet)
rElec   .          Harm     .   (no cloak)
rCorr   .          Rampage  .   (no gloves)
Will    .....                   (no barding)
Stlth   +.........              (no amulet)
HPRegen 0.07/turn               (no ring)
MPRegen 0.09/turn               (no ring)

@: no status effects
A: large, rugged brown scales 3, see invisible, deformed body, roll 1, armoured
tail
a: Rolling Charge


You were on level 1 of the Dungeon.
You visited 1 branch of the dungeon, and saw 2 of its levels.

You collected 67 gold pieces.

Inventory:

Hand Weapons
 a - a +0 hand axe (weapon)
Missiles
 d - 5 boomerangs of dispersal
 f - 10 poisoned darts (quivered)
Armour
 b - a +0 leather armour (worn)
Scrolls
 c - a scroll of blinking
 e - a scroll of teleportation {unknown}


   Skills:
 - Level 2.0 Fighting
 * Level 3.2 Axes
 - Level 0.6 Throwing
 - Level 0.7 Armour
 - Level 1.5 Dodging
 - Level 2.0 Spellcasting
 - Level 3.0 Translocations


You had 5 spell levels left.
You didn't know any spells.
Your spell library contained the following spells:

 Spells                   Type           Power      Damage    Failure   Level
 Blink                    Tloc           18%        N/A       14%         2
 Gell's Gravitas          Tloc           9%         N/A       28%         3
 Lesser Beckoning         Tloc           9%         N/A       28%         3
 Teleport Other           Tloc           9%         N/A       28%         3
 Freeze                   Ice            4%         1d3       32%         1
 Frozen Ramparts          Ice            2%         1d2       67%         3
 Manifold Assault         Tloc           9%         N/A       95%         5
 Hailstorm                Conj/Ice       1%         3d3       97%         4


Dungeon Overview and Level Annotations

Branches:
Dungeon (2/15)

Altars:


Innate Abilities, Weirdness & Mutations

You are completely covered in rugged brown scales. (AC +3, +7% HP)
You have supernaturally acute eyesight. (SInv)
Armour fits poorly on your strangely shaped body.
You can roll at nearby foes to attack.
You have a long armoured tail.


Message History

The gnoll closely misses you.
There is a stone staircase leading up here.
The gnoll barely misses you.
You climb upwards.
There is a stone staircase leading down here.
Unknown command.
Unknown command.
Throw: 15 darts (poison)
Press: ? - help, Q - select action, (/) - cycle Shift-Dir - straight line, f - gnoll
Aim: a gnoll, wielding a +0 spear (58% to hit)
You throw a poisoned dart. The poisoned dart hits the gnoll.
The gnoll hits you with a +0 spear.
Throw: 14 darts (poison)
Press: ? - help, Q - select action, (/) - cycle Shift-Dir - straight line, f/p - gnoll
Aim: a gnoll, wielding a +0 spear (58% to hit)
You throw a poisoned dart. The poisoned dart hits the gnoll.
The gnoll is poisoned.
The gnoll misses you.
Throw: 13 darts (poison)
Press: ? - help, Q - select action, (/) - cycle Shift-Dir - straight line, f/p - gnoll
Aim: a gnoll, wielding a +0 spear (poisoned, 58% to hit)
You throw a poisoned dart.
The poisoned dart closely misses the gnoll.
The gnoll closely misses you.
Throw: 12 darts (poison)
Press: ? - help, Q - select action, (/) - cycle Shift-Dir - straight line, f/p - gnoll
Aim: a gnoll, wielding a +0 spear (lightly wounded, poisoned, 58% to hit)
You throw a poisoned dart. The poisoned dart hits the gnoll.
The gnoll looks even sicker.
The gnoll is lightly wounded.
The gnoll hits you with a +0 spear.
Throw: 11 darts (poison)
Press: ? - help, Q - select action, (/) - cycle Shift-Dir - straight line, f/p - gnoll
Aim: a gnoll, wielding a +0 spear (heavily wounded, very poisoned, 58% to hit)
You throw a poisoned dart.
The poisoned dart barely misses the gnoll.
The gnoll hits you with a +0 spear.
* * * LOW HITPOINT WARNING * * *
The gnoll hits you from afar with a +0 spear.
You die...

....#.###.####...##..# #.>...#
..........####...##..# ###.###
.#..#.##.........##..# #.###
....###♣♣#####.#.##..## #.#.##
....#8♣♣ #.#.##...# #..).##
....'.<♣ #.#.##.#.# ##.....#
...##8♣♣ #.#g##.#.# #.......
...####♣♣# #.#>##.#.# ##.....#
...# #.# #.#@##.#.# ##...##
########.# #.#.##.#.#######.##
.........#####.#.##.#.##......#
.######.............#.##.######
.# ##.####.........#...# .# #.#
#.............# ## #.#
#.##.######...# #.# #.##.#
##### #.# #.##.#########


You could see a gnoll (very poisoned).

Vanquished Creatures
  A ball python (D:1)
  An endoplasm (D:1)
  2 giant cockroaches (D:1)
  2 goblins (D:1)
  2 hobgoblins (D:1)
  2 quokkas (D:1)
  2 bats (D:1)
  A frilled lizard (D:1)
  3 rats (D:1)
16 creatures vanquished.

Notes
Turn   | Place    | Note
-------+----------+-------------------------------------------
     0 | D:1      | ragingrage the Palentonga Warper began the quest for the
                  | Orb.
     0 | D:1      | Reached XP level 1. HP: 17/17 MP: 3/3
   298 | D:1      | Found a faded altar of an unknown god.
   521 | D:1      | Reached XP level 2. HP: 23/23 MP: 5/5
  1307 | D:1      | Slain by a gnoll

Illustrated notes

Levels and vault maps discovered:
D:1:      saegor_arrival_simple_b, layout_loops_ring,
          hellmonk_ecumenical_altar_crossroads, patterned_corridor
D:2:      layout_loops_ring, grunt_ministairs_11

Skill      XL: |  1  2 |
---------------+-------+-----
Axes           | 3 |  3.2
Fighting       | |  2.0
Throwing       | |  0.6
Armour         | |  0.7
Dodging        | |  1.5
Spellcasting   | |  2.0
Translocations | |  3.0

Action                   || total
-------------------------++-------
Melee: Hand axe          ||    63
       Tailslap          ||     3
Throw: Dart              ||     5
 Abil: Rolling Charge    ||     2
Armor: Leather armour    ||    30
Dodge: Dodged            ||    39

Table legend: (Time is in decaauts)
 A = Elapsed time spent in this place.
 B = Non-inter-level travel time spent in this place.
 C = Inter-level travel time spent in this place.
 D = Time resting spent in this place.
 E = Time spent auto-exploring this place.
 F = Levels seen in this place.
 G = Mean time per level.
                   A        B        C        D        E       F      G
               +--------+--------+--------+--------+--------+-----+--------+
         Total |   1318 |   1292 |     26 |    236 |    878 |   2 |  659.0 |
       Dungeon |   1318 |   1292 |     26 |    236 |    878 |   2 |  659.0 |
               +--------+--------+--------+--------+--------+-----+--------+

Top non-repeatable levels by time:
     D:1: 1256 daAuts
     D:2: 62 daAuts
